 Dungeon Crawl Stone Soup version 0.28.0-53-g5a82cb258f (webtiles) character file.

Game seed: 6829337564372979111

464 mcbry74 the Arsonist (level 7, 0/50 HPs)
             Began as a Hill Orc Fire Elementalist on July 5, 2022.
             Was an Initiate of Okawaru.
             Slain by a sky beast (6 damage)
             ... on level 4 of the Dungeon.
             The game lasted 00:18:13 (4891 turns).

mcbry74 the Arsonist (Hill Orc Fire Elementalist)   Turns: 4891, Time: 00:18:14

Health: 0/50       AC:  3    Str: 11    XL:     7   Next: 8%
Magic:  7/9        EV: 12    Int: 17    God:    Okawaru [......]
Gold:   180        SH:  0    Dex: 11    Spells: 6/9 levels left

rFire   . . .      SeeInvis .   s - +0 hand axe
rCold   . . .      Faith    .   (no shield)
rNeg    . . .      Spirit   .   a - +0 robe
rPois   .          Reflect  .   (no helmet)
rElec   .          Harm     .   e - +0 cloak
rCorr   .          Rampage  .   (no gloves)
Will    .....                   (no boots)
Stlth   ++........              (no amulet)
HPRegen 0.16/turn               (no ring)
MPRegen 0.11/turn               (no ring)

@: no status effects
A: no striking features
a: Renounce Religion


You were on level 4 of the Dungeon.
You worshipped Okawaru.
Okawaru was noncommittal.
You visited 1 branch of the dungeon, and saw 5 of its levels.

You collected 180 gold pieces.

Inventory:

Hand Weapons
 b - a +0 dagger
 h - a +0 dagger of draining
 k - a +0 war axe
 s - a +0 hand axe (weapon)
Missiles
 o - 16 poisoned darts
 t - 3 boomerangs
Armour
 a - a +0 robe (worn)
 e - a +0 cloak (worn)
Jewellery
 r - a ring of fire
Scrolls
 c - 5 scrolls of identify {unknown}
 j - a scroll of enchant weapon {unknown}
 l - a scroll of holy word {unknown}
 m - a scroll of noise {unknown}
 n - a scroll of teleportation {unknown}
Potions
 d - a potion of curing {unknown}
 f - 2 potions of heal wounds {unknown}
 g - a potion of lignification {unknown}
 i - a potion of degeneration {unknown}
 p - a potion of haste {unknown}
 q - a potion of resistance {unknown}


   Skills:
 - Level 1.5 Dodging
 - Level 1.5 Stealth
 - Level 1.5 Spellcasting
 - Level 1.0 Conjurations
 + Level 8.5 Fire Magic


You had 6 spell levels left.
You knew the following spells:

 Your Spells              Type           Power      Damage    Failure   Level
a - Foxfire               Conj/Fire      68%        2x1d7     2%          1
b - Scorch                Fire           60%        2d8       1%          2

Your spell library contained the following spells:

 Spells                   Type           Power      Damage    Failure   Level
 Conjure Flame            Conj/Fire      17%        6-21      9%          3
 Inner Flame              Hex/Fire       15%        N/A       11%         3
 Flame Wave               Conj/Fire      17%        2d6       28%         4
 Hailstorm                Conj/Ice       3%         3d3       86%         4
 Ice Form                 Ice/Tmut       1%         N/A       90%         4
 Simulacrum               Ice/Necr       Unusable   N/A       N/A         6

Dungeon Overview and Level Annotations

Branches:
Dungeon (5/15)
 Temple: D:4-7

Altars:
Ashenzari
Dithmenos
Elyvilon
Gozag
Okawaru
Ru
Xom
Yredelemnul
Zin


Message History

The sky beast is lightly wounded.
The sky beast's fire resistance burns away.
The sky beast flickers out of sight!
Deactivating autopickup; reactivate with Ctrl-A.
Something hits you but does no damage.
Casting: Scorch (safe; 1% risk of failure)
Confirm with . or Enter, or press ? or * to list all spells.
You conjure some foxfire!
A sky beast appears from thin air!
Reactivating autopickup.
The sky beast completely misses you.
You completely miss the sky beast.
The sky beast is lightly wounded.
The foxfire hits the sky beast.
The sky beast is moderately wounded.
The foxfire hits the sky beast.
The sky beast is moderately wounded.
The sky beast flickers out of sight!
Deactivating autopickup; reactivate with Ctrl-A.
Something hits you but does no damage.
Casting: Foxfire (safe; 2% risk of failure)
Confirm with . or Enter, or press ? or * to list all spells.
You conjure some foxfire!
Something hits you. Something shocks you.
Your foxfire dissipates!
The foxfire hits something but does no damage.
Something hits you. Something shocks you. Something hits you.
Something shocks you.
* * * LOW HITPOINT WARNING * * *
You see here a +0 whip.
There is a stone staircase leading up here.
Something hits you.
* * * LOW HITPOINT WARNING * * *
Something shocks you.
* * * LOW HITPOINT WARNING * * *
You climb upwards.
Reactivating autopickup.
There is a stone staircase leading down here.
You start resting.
Something hits you.
* * * LOW HITPOINT WARNING * * *
Something shocks you.
You die...

#..................#
#.........[....._.##
#.................#
#...............###
#########......########
#..............
#......##......
#######......##......
#>..@†........+......
#............##......
#.............'......
#..........####......
#..........# #.#####
#..........# #.#
#..........# #.#
#..........# #.#
#..........# #.#


There were no monsters in sight!

Vanquished Creatures
  A sky beast (D:4)
  A phantom (D:4)
  A jelly (D:4)
  2 iguanas
  Natasha (thrice) (D:3)
  3 gnolls (D:5)
  2 adders
  An ufetubus (D:4)
  2 worms
  2 dart slugs
  6 orcs
  7 bats
  6 endoplasms
  14 giant cockroaches
  7 goblins
  4 hobgoblins
  4 jackals
  4 kobolds
  A quokka (D:1)
  6 ball pythons
  3 frilled lizards
  3 rats (D:1)
83 creatures vanquished.

Vanquished Creatures (others)
  150 foxfires
150 creatures vanquished.

Grand Total: 233 creatures vanquished

Notes
Turn   | Place    | Note
-------+----------+-------------------------------------------
     0 | D:1      | mcbry74 the Hill Orc Fire Elementalist began the quest for
                  | the Orb.
     0 | D:1      | Reached XP level 1. HP: 14/14 MP: 3/3
   286 | D:1      | Reached XP level 2. HP: 19/20 MP: 1/4
   289 | D:1      | Reached skill level 4 in Fire Magic
  1131 | D:1      | Learned a level 2 spell: Scorch
  1138 | D:2      | Reached XP level 3. HP: 26/26 MP: 3/5
  1626 | D:2      | Reached skill level 5 in Fire Magic
  2069 | D:2      | Reached XP level 4. HP: 17/33 MP: 1/6
  2615 | D:3      | Noticed Natasha
  2619 | D:3      | Killed Natasha
  2624 | D:3      | Noticed Natasha
  2637 | D:3      | Killed Natasha
  2638 | D:3      | Reached skill level 6 in Fire Magic
  2774 | D:3      | Noticed Natasha
  2780 | D:3      | Killed Natasha
  2781 | D:3      | Reached XP level 5. HP: 33/38 MP: 1/7
  3492 | D:4      | Found a basalt altar of Yredelemnul.
  3535 | D:4      | Found a white marble altar of Elyvilon.
  3541 | D:4      | Found an iron altar of Okawaru.
  3564 | D:4      | Became a worshipper of Warmaster Okawaru
  3644 | D:4      | Reached skill level 7 in Fire Magic
  3644 | D:4      | Reached XP level 6. HP: 45/45 MP: 2/8
  3944 | D:4      | Found a glowing silver altar of Zin.
  3945 | D:4      | Found a broken altar of Ashenzari.
  3945 | D:4      | Found a shimmering altar of Xom.
  3964 | D:4      | Found a shadowy altar of Dithmenos.
  3966 | D:4      | Found an opulent altar of Gozag.
  4253 | D:5      | Entered Level 5 of the Dungeon
  4330 | D:5      | Found a sacrificial altar of Ru.
  4361 | D:5      | Noticed a two-headed ogre
  4421 | D:5      | Noticed a sky beast
  4432 | D:5      | Noticed a water moccasin
  4455 | D:4      | Killed a sky beast
  4456 | D:4      | Reached skill level 8 in Fire Magic
  4456 | D:4      | Reached XP level 7. HP: 5/50 MP: 3/9
  4891 | D:4      | Slain by a sky beast

Illustrated notes

Levels and vault maps discovered:
D:1:      onia_arrival_mini_maze_b, layout_basic
D:2:      minmay_roachtagon, layout_basic, minmay_misc_feat_chi,
          kennysheep_generic_room_10
D:3:      layout_rooms, kennysheep_cross_room, minmay_misc_feat_hallway,
          uniq_natasha
D:4:      layout_basic, lemuel_tele_altar, minitemple,
          grunt_temple_overflow_open
D:5:      layout_gridville, mainiacjoe_overflow_small_starburst, uniq_grinder,
          uniq_sigmund

Skill      XL: |  1  2  3  4  5  6 |
---------------+-------------------+-----
Fire Magic     | 4 5 6 7 8 |  8.5
Dodging        | |  1.5
Stealth        | |  1.5
Spellcasting   | |  1.5
Conjurations   | |  1.0

Action                   |  1- 3 |  4- 6 |  7- 9 || total
-------------------------+-------+-------+-------++-------
Melee: Dagger            |    18 |       |       ||    18
       War axe           |    33 |    12 |       ||    45
       Punch             |     1 |       |       ||     1
       Hand axe          |       |       |     8 ||     8
 Cast: Foxfire           |    33 |    48 |     6 ||    87
       Scorch            |     4 |    15 |     4 ||    23
 Stab: Sleeping          |     1 |       |       ||     1
Armor: Robe              |    19 |     6 |    10 ||    35
Dodge: Dodged            |    67 |    10 |     6 ||    83
